[Event "Titled Tuesday Blitz June 28 Late 2022"]
[White "Averjanov, Alexey"]
[Black "Estrada Nieto, Julian"]
[WhiteFideId "14109867"]
[BlackFideId "5101018"]
[WhiteElo "2683"]
[BlackElo "2463"]
[Result "1-0"]
[Round "04"]
[TimeControl "180+1"]
[Date "2022.06.29"]
[WhiteClock "0:00:28"]
[BlackClock "0:00:18"]

1. d4 d5 2. c4 dxc4 3. e3 Nf6 4. Bxc4 e6 5. Nf3 c5 6. O-O a6 7. b3 Nbd7 8. Bb2 b6 9. Nbd2 Bb7 10. Rc1 Be7 11. Qe2 O-O 12. Rfd1 Qb8 13. a4 Rd8 14. h3 cxd4 15. Bxd4 Nc5 16. Ne5 b5 17. axb5 axb5 18. Bxb5 Ra2 19. Ra1 Rxa1 20. Rxa1 Nce4 21. Nxe4 Bxe4 22. Bc4 Bd5 23. Bxd5 Rxd5 24. Nc6 Qe8 25. Nxe7+ Qxe7 26. Ra8+ Rd8 27. Bxf6 Qxf6 28. Qa6 g6 29. Rxd8+ Qxd8 30. b4 Qd1+ 31. Kh2 Qd2 32. b5 Qxf2 33. Qc8+ Kg7 34. Qc3+ Kh6 35. b6 Qe2 36. Qe5 Qa6 37. Qc7 Kg5 38. b7 1-0


[Site "https://www.chess.com"]

[Event "Titled Tuesday Blitz June 28 Late 2022"]
[White "Baches Garcia, Guillermo"]
[Black "Abdi, Farzad"]
[WhiteFideId "2209764"]
[BlackFideId "2076829"]
[WhiteElo "2503"]
[BlackElo "2331"]
[Result "1-0"]
[Round "04"]
[TimeControl "180+1"]
[Date "2022.06.29"]
[WhiteClock "0:00:26"]
[BlackClock "0:01:29"]

1. e4 c5 2. Nf3 d6 3. d4 cxd4 4. Nxd4 Nf6 5. Nc3 g6 6. g3 Bg7 7. Bg2 O-O 8. O-O Bd7 9. h3 Nc6 10. Nde2 a6 11. a4 Rc8 12. Nd5 Nxd5 13. exd5 Ne5 14. Ra2 Nc4 15. b3 Nb6 16. c4 Bf5 17. Be3 Nd7 18. Nd4 Nc5 19. Nxf5 gxf5 20. Qc2 Ne4 21. Bxe4 fxe4 22. Qxe4 Kh8 23. Re2 Bf6 24. Rfe1 Rg8 25. Bd4 b5 26. axb5 axb5 27. Bxf6+ exf6 28. Qf4 bxc4 29. bxc4 Rg6 30. Re8+ Qxe8 31. Rxe8+ Rxe8 32. Qxd6 Kg7 33. c5 Rg5 34. c6 Ree5 35. c7 Rxd5 36. Qxd5 Rxd5 37. c8=Q Re5 38. Kg2 Re6 39. h4 Re5 40. f4 Re6 41. Qc5 Re2+ 42. Kf3 Re1 43. Kg4 Re6 44. Kf5 Ra6 45. g4 Re6 46. Qd4 h6 47. g5 hxg5 48. hxg5 Ra6 49. gxf6+ Kh6 50. Qe5 Rb6 51. Kg4 1-0


[Site "https://www.chess.com"]

[Event "Titled Tuesday Blitz June 28 Late 2022"]
[White "Bachmann, Axel"]
[Black "Thiel, Thomas"]
[WhiteFideId "3700488"]
[BlackFideId "4615964"]
[WhiteElo "2587"]
[BlackElo "2218"]
[Result "0-1"]
[Round "04"]
[TimeControl "180+1"]
[Date "2022.06.29"]
[WhiteClock "0:01:07"]
[BlackClock "0:01:48"]

1. e4 d5 2. exd5 Nf6 3. Bb5+ Nbd7 4. Nc3 a6 5. Be2 b5 6. Nf3 Bb7 7. a3 Nb6 8. O-O Nbxd5 9. Nxd5 Nxd5 10. d4 e6 11. c3 Be7 12. Re1 O-O 13. Ne5 c5 14. Bf3 cxd4 15. cxd4 Rc8 16. Bd2 Ba8 17. Rc1 Rxc1 18. Bxc1 Bf6 19. Ng4 Bg5 20. Bxg5 Qxg5 21. Ne5 Rd8 22. Qc1 Qxc1 23. Rxc1 Kf8 24. Rc7 Nxc7 0-1


[Site "https://www.chess.com"]

[Event "Titled Tuesday Blitz June 28 Late 2022"]
[White "Bjelobrk, Igor"]
[Black "Fernandez Sanchez, Mario Andres"]
[WhiteFideId "4300726"]
[BlackFideId "6501621"]
[WhiteElo "2335"]
[BlackElo "2057"]
[Result "1-0"]
[Round "04"]
[TimeControl "180+1"]
[Date "2022.06.29"]
[WhiteClock "0:00:57"]
[BlackClock "0:01:29"]

1. c4 c6 2. g3 d5 3. Nf3 Nf6 4. Bg2 Bf5 5. cxd5 cxd5 6. Qb3 Qc8 7. Nc3 Nc6 8. d3 e6 9. O-O Be7 10. Bf4 a6 11. Na4 Na5 12. Qd1 Qd8 13. Rc1 Rc8 14. Rxc8 Qxc8 15. Qd2 Nc6 16. Rc1 O-O 17. Nd4 Bg6 18. Nxc6 bxc6 19. Qc2 Ng4 20. Qxc6 Qxc6 21. Rxc6 a5 22. h3 Nf6 23. a3 Nh5 24. Bd2 Rb8 25. Bxa5 1-0


[Site "https://www.chess.com"]

[Event "Titled Tuesday Blitz June 28 Late 2022"]
[White "Boder, Jan"]
[Black "Romero Ruscalleda, Josep"]
[WhiteFideId "16243226"]
[BlackFideId "2231859"]
[WhiteElo "2064"]
[BlackElo "2285"]
[Result "1-0"]
[Round "04"]
[TimeControl "180+1"]
[Date "2022.06.29"]
[WhiteClock "0:01:45"]
[BlackClock "0:02:04"]

1. e4 g6 2. d4 Bg7 3. Nf3 d6 4. c4 e5 5. dxe5 dxe5 6. Qxd8+ Kxd8 7. Nc3 c6 8. Be3 Bh6 9. O-O-O+ Bd7 10. Ng5 Bxg5 11. Bxg5+ f6 12. Be3 Kc7 13. f4 Be6 14. Be2 Nd7 15. g4 exf4 16. Bxf4+ Ne5 17. g5 Kb6 18. gxf6 Nxc4 19. b3 Na3 20. Na4+ Ka5 21. Bd2# 1-0


[Site "https://www.chess.com"]

[Event "Titled Tuesday Blitz June 28 Late 2022"]
[White "Bolourchifard, Farzad"]
[Black "Lauridsen, Jesper Morch"]
[WhiteFideId "12510084"]
[BlackFideId "1401890"]
[WhiteElo "2317"]
[BlackElo "2230"]
[Result "1-0"]
[Round "04"]
[TimeControl "180+1"]
[Date "2022.06.29"]
[WhiteClock "0:00:22"]
[BlackClock "0:00:23"]

1. e4 c5 2. Nc3 Nc6 3. g3 g6 4. Bg2 Bg7 5. d3 e5 6. Be3 d6 7. Qd2 h6 8. Nd5 Be6 9. Ne2 Nge7 10. c3 Bxd5 11. exd5 Nb8 12. O-O Nd7 13. d4 cxd4 14. cxd4 Nf5 15. dxe5 Nxe5 16. Bf4 O-O 17. Rac1 Rc8 18. Bxe5 Bxe5 19. Bh3 Rxc1 20. Rxc1 Qf6 21. Rc7 Bxb2 22. Rxb7 Nd4 23. Qxb2 Nf3+ 24. Kg2 Ne1+ 25. Kf1 Qf3 26. Kxe1 Re8 27. Rb8 Rxb8 28. Qxb8+ Kg7 29. Qxd6 Qd3 30. Qe5+ Kh7 31. Qd4 Qb1+ 32. Qd1 Qb4+ 33. Kf1 Qd6 34. Bg2 h5 35. h4 f5 36. Bf3 a5 37. Nf4 a4 38. Qxa4 Qc5 39. Kg2 Kh6 40. Qc6 1-0


[Site "https://www.chess.com"]

[Event "Titled Tuesday Blitz June 28 Late 2022"]
[White "Capp, Stephen"]
[Black "Tristan, Leonardo"]
[WhiteFideId "2027089"]
[BlackFideId "113816"]
[WhiteElo "2146"]
[BlackElo "2404"]
[Result "0-1"]
[Round "04"]
[TimeControl "180+1"]
[Date "2022.06.29"]
[WhiteClock "0:00:17"]
[BlackClock "0:00:20"]

1. e4 d5 2. d4 dxe4 3. Nc3 e5 4. Bc4 Qxd4 5. Qe2 Nc6 6. Bd2 Nf6 7. O-O-O Qd8 8. Bg5 Nd4 9. Qe3 Be7 10. Nge2 Ng4 11. Bxe7 Nxe3 12. Bxd8 Nxd1 13. Bxc7 Nxc3 14. Nxc3 f6 15. Nxe4 Be6 16. Bd3 Rc8 17. Nd6+ Kd7 18. Nxc8 Kxc7 19. Nxa7 Kb6 20. c3 Kxa7 21. cxd4 Rd8 22. Bxh7 Rxd4 23. b3 f5 24. Rd1 Rh4 25. Bg6 Rxh2 26. Rd6 Bc8 27. Rd8 Rxg2 28. Be8 Be6 29. Rd6 Bg8 30. Bd7 Rxf2 31. a4 Bxb3 32. a5 g5 33. Bb5 Rc2+ 34. Kb1 Rc5 35. Rb6 Bc4 36. Bd7 e4 37. Rg6 f4 38. Rg7 Rxa5 39. Bc8 Ba6 40. Kc1 e3 41. Kd1 e2+ 42. Ke1 Ra1+ 43. Kf2 e1=Q+ 0-1


[Site "https://www.chess.com"]

[Event "Titled Tuesday Blitz June 28 Late 2022"]
[White "Cappelletto, Joshuaede"]
[Black "Florescu, Codrut-Constantin"]
[WhiteFideId "2824383"]
[BlackFideId "1202200"]
[WhiteElo "1761"]
[BlackElo "2191"]
[Result "0-1"]
[Round "04"]
[TimeControl "180+1"]
[Date "2022.06.29"]
[WhiteClock "0:00:04"]
[BlackClock "0:00:18"]

1. e4 c5 2. Nf3 e6 3. Nc3 a6 4. d4 cxd4 5. Nxd4 Qc7 6. Be3 Nf6 7. Qf3 b5 8. O-O-O Bb7 9. Bxb5 axb5 10. Ndxb5 Qa5 11. Qg3 Na6 12. Nd6+ Bxd6 13. Qxg7 Rg8 14. Qxf6 Be5 15. Qf3 Bxc3 16. bxc3 Qa3+ 17. Kd2 Qxa2 18. Rb1 Bc6 19. Qf6 Qc4 20. Bg5 Qc5 21. h4 h6 22. Bxh6 Qd6+ 23. Kc1 Qe7 24. Qf4 Qa3+ 25. Kd2 Nc5 26. f3 Rxg2+ 27. Kd1 Qa2 28. Rc1 Qc4 29. Qf6 Qe2# 0-1


[Site "https://www.chess.com"]

[Event "Titled Tuesday Blitz June 28 Late 2022"]
[White "Clarke, Brandon G I"]
[Black "Meissner, Felix"]
[WhiteFideId "400319"]
[BlackFideId "24671827"]
[WhiteElo "2414"]
[BlackElo "2350"]
[Result "0-1"]
[Round "04"]
[TimeControl "180+1"]
[Date "2022.06.28"]
[WhiteClock "0:01:02"]
[BlackClock "0:01:49"]

1. e4 c6 2. d4 g6 3. Nd2 d5 4. c3 dxe4 5. Nxe4 Nf6 6. Nxf6+ exf6 7. Nf3 Bg7 8. Bc4 O-O 9. O-O a5 10. a4 Na6 11. Re1 Nc7 12. Bf4 Nd5 13. Bg3 Be6 14. Nd2 f5 15. Be5 f6 16. Bg3 Re8 17. Qb3 Qd7 18. h3 Bh6 19. Re2 Bf7 20. Rxe8+ Rxe8 21. Nf3 Nf4 22. Bxf7+ Qxf7 23. Qxf7+ Kxf7 24. Bxf4 Bxf4 25. Kf1 h5 26. Re1 Rxe1+ 27. Kxe1 Ke6 28. Ke2 b5 29. b3 g5 30. Ne1 g4 31. Nd3 Bd6 32. Ke3 bxa4 33. bxa4 Kd5 34. Nb2 f4+ 35. Kd3 f3 36. c4+ Ke6 37. d5+ cxd5 38. cxd5+ Kd7 0-1


[Site "https://www.chess.com"]

[Event "Titled Tuesday Blitz June 28 Late 2022"]
[White "Clawitter, Craig"]
[Black "Mendez Fortes, Eduardo Jesus"]
[WhiteFideId "2023105"]
[BlackFideId "3502376"]
[WhiteElo "2237"]
[BlackElo "2321"]
[Result "0-1"]
[Round "04"]
[TimeControl "180+1"]
[Date "2022.06.29"]
[WhiteClock "0:01:07"]
[BlackClock "0:01:58"]

1. e4 e5 2. Nf3 Nc6 3. Bb5 Nf6 4. d3 Bc5 5. Bxc6 dxc6 6. Nbd2 Bd6 7. O-O Be6 8. b3 Nd7 9. Nc4 f6 10. Qe2 Qe7 11. d4 O-O-O 12. dxe5 Bxc4 13. Qxc4 Nxe5 14. Qd4 Nxf3+ 0-1


[Site "https://www.chess.com"]

[Event "Titled Tuesday Blitz June 28 Late 2022"]
[White "Colpe, Malte"]
[Black "Sibilio, Mario"]
[WhiteFideId "24623075"]
[BlackFideId "800422"]
[WhiteElo "2328"]
[BlackElo "2296"]
[Result "1-0"]
[Round "04"]
[TimeControl "180+1"]
[Date "2022.06.29"]
[WhiteClock "0:01:24"]
[BlackClock "0:00:01"]

1. e4 d6 2. d4 Nf6 3. Nc3 g6 4. Bf4 Bg7 5. Qd2 Nc6 6. d5 e5 7. dxc6 exf4 8. cxb7 Bxb7 9. Qxf4 O-O 10. Bd3 Re8 11. Nge2 Qe7 12. f3 Nd7 13. O-O Nc5 14. Rad1 Nxd3 15. cxd3 c5 16. d4 f5 17. dxc5 dxc5 18. exf5 Ba6 19. Rfe1 Be5 20. Qg4 Kh8 21. fxg6 Rg8 22. Ng3 1-0


[Site "https://www.chess.com"]

[Event "Titled Tuesday Blitz June 28 Late 2022"]
[White "Dardha, Daniel"]
[Black "Cruz, Cristhian"]
[WhiteFideId "240990"]
[BlackFideId "3801969"]
[WhiteElo "2482"]
[BlackElo "2497"]
[Result "1/2-1/2"]
[Round "04"]
[TimeControl "180+1"]
[Date "2022.06.28"]
[WhiteClock "0:00:05"]
[BlackClock "0:00:07"]

1. d4 Nf6 2. Bg5 c6 3. Bxf6 gxf6 4. c4 d5 5. e3 e6 6. Nc3 Nd7 7. Nf3 f5 8. Bd3 Nf6 9. O-O Bd6 10. Ne2 Ne4 11. Nf4 Qf6 12. cxd5 cxd5 13. Rc1 Bd7 14. Qb3 Bc6 15. Bb5 Rb8 16. Qa4 O-O 17. b3 Bxb5 18. Qxb5 Qe7 19. g3 Rfc8 20. Kg2 a6 21. Qe2 Rc7 22. Rxc7 Qxc7 23. Nd3 Rc8 24. Nfe5 f6 25. Nf3 Qc2 26. Re1 Qxe2 27. Rxe2 b5 28. Nfe1 b4 29. Rc2 Nc3 30. Kf1 a5 31. Ng2 Kf7 32. Ke1 e5 33. Kd2 Ke6 34. Nge1 Ra8 35. a4 h5 36. Ng2 Rc8 37. Ke1 Rg8 38. Nh4 f4 39. exf4 exf4 40. Kf1 fxg3 41. hxg3 f5 42. Ng2 Rg4 43. Ndf4+ Bxf4 44. Nxf4+ Kd6 45. Rc1 h4 46. Kg2 hxg3 47. fxg3 Ne4 48. Ne2 Nxg3 49. Nxg3 f4 50. Kf3 Rxg3+ 51. Kxf4 Rxb3 52. Rc5 Rd3 53. Rxa5 Rxd4+ 54. Ke3 Rh4 55. Rb5 b3 56. Kd3 Rh3+ 57. Kd4 Rh4+ 58. Kc3 Rxa4 59. Rxb3 Rc4+ 60. Kd3 Rh4 61. Rb8 Rh3+ 62. Kd4 Rh4+ 63. Kd3 Ke5 64. Re8+ Kd6 65. Rd8+ Kc5 66. Rc8+ Kd6 67. Rd8+ Ke5 68. Re8+ Kd6 69. Rd8+ 1/2-1/2


[Site "https://www.chess.com"]

[Event "Titled Tuesday Blitz June 28 Late 2022"]
[White "Dauner, Benedikt"]
[Black "Curtis, John"]
[WhiteFideId "16225899"]
[BlackFideId "3200256"]
[WhiteElo "2230"]
[BlackElo "2203"]
[Result "1-0"]
[Round "04"]
[TimeControl "180+1"]
[Date "2022.06.29"]
[WhiteClock "0:00:20"]
[BlackClock "0:00:04"]

1. b3 Nf6 2. Bb2 c5 3. e3 e6 4. Nf3 Be7 5. d4 O-O 6. Bd3 b6 7. O-O Bb7 8. Nbd2 Nc6 9. a3 d5 10. Qe2 Rc8 11. Rfe1 Qc7 12. Rac1 cxd4 13. exd4 Bd6 14. Ne5 Qe7 15. Ra1 Nd7 16. f4 Rfe8 17. Qh5 g6 18. Qh3 f5 19. Nxd7 Qxd7 20. g3 Bf8 21. Re2 Bg7 22. c3 h5 23. Rae1 Nd8 24. Qg2 Nf7 25. a4 Nd6 26. h3 Ne4 27. Bxe4 dxe4 28. Nc4 Ba6 29. Ne3 Bxe2 30. Qxe2 Rc7 31. Rd1 Rec8 32. c4 Rd8 33. d5 Bxb2 34. Qxb2 Qg7 35. Qe2 Rcd7 36. Kh2 exd5 37. Nxd5 Rxd5 38. cxd5 Qc3 39. d6 1-0


[Site "https://www.chess.com"]

[Event "Titled Tuesday Blitz June 28 Late 2022"]
[White "De La Colina, Nicolas"]
[Black "Janturin, Artur"]
[WhiteFideId "30946921"]
[BlackFideId "4130022"]
[WhiteElo "2046"]
[BlackElo "2399"]
[Result "1-0"]
[Round "04"]
[TimeControl "180+1"]
[Date "2022.06.29"]
[WhiteClock "0:00:12"]
[BlackClock "0:00:02"]

1. e4 a6 2. c4 e5 3. Nf3 Nc6 4. Nc3 Bc5 5. Nxe5 Nxe5 6. d4 Bd6 7. dxe5 Bxe5 8. Bd2 Nf6 9. Bd3 O-O 10. O-O d6 11. Qe1 Re8 12. f4 Bd4+ 13. Be3 Bxe3+ 14. Qxe3 Bd7 15. Rae1 Ng4 16. Qg3 Qf6 17. h3 Qd4+ 18. Kh1 Nf6 19. Rd1 Qb6 20. b3 Bc6 21. e5 dxe5 22. fxe5 Nd7 23. e6 Rxe6 24. Bf5 Re7 25. Bxh7+ Kf8 26. Bf5 Nf6 27. Qh4 Kg8 28. Bb1 Rae8 29. Kh2 Re2 30. Nxe2 Rxe2 31. Rd8+ Re8 32. Rxe8+ Bxe8 33. Qf2 Qd6+ 34. Qg3 Qd7 35. Rxf6 Kf8 36. Rf2 Qd1 37. Bf5 Bc6 38. Qxc7 Qe1 39. Qd8+ Be8 40. Qd6+ Kg8 41. Qg3 Qe7 42. Bd3 Bc6 43. Re2 Qf6 44. Rf2 Qe7 45. Rf4 g6 46. Bxg6 1-0


[Site "https://www.chess.com"]

[Event "Titled Tuesday Blitz June 28 Late 2022"]
[White "Deac, Bogdan-Daniel"]
[Black "Brodowski, Piotr"]
[WhiteFideId "1226380"]
[BlackFideId "1124480"]
[WhiteElo "2648"]
[BlackElo "2431"]
[Result "1-0"]
[Round "04"]
[TimeControl "180+1"]
[Date "2022.06.28"]
[WhiteClock "0:00:14"]
[BlackClock "0:00:06"]

1. d4 c5 2. d5 d6 3. e4 Nf6 4. Nc3 g6 5. Bb5+ Bd7 6. a4 Bg7 7. h3 O-O 8. Nf3 Bxb5 9. axb5 Nbd7 10. O-O Nb6 11. Qe2 Ne8 12. Rd1 Nc7 13. Bf4 Qd7 14. e5 f6 15. e6 Qe8 16. h4 h6 17. g4 g5 18. Bg3 Qg6 19. h5 Qh7 20. Na4 f5 21. Nxb6 axb6 22. Rxa8 Rxa8 23. gxf5 Qxf5 24. c4 Ra2 25. Rd2 Qb1+ 26. Kg2 Rxb2 27. Rxb2 Bxb2 28. Ne1 Bf6 29. f4 Qf5 30. Nd3 g4 31. Nf2 Qxh5 32. Nxg4 Qg6 33. f5 Qg7 34. Kh3 Ne8 35. Bf4 Bg5 36. Qe3 Kh7 37. Bxg5 Qxg5 38. Qxg5 hxg5 39. Kg3 Kg7 40. Kf3 Kh7 41. Ke4 Kg7 42. Kf3 Kg8 43. Nf2 Nf6 44. Ne4 Nxe4 45. Kxe4 Kg7 46. Kf3 g4+ 47. Kxg4 Kf6 48. Kf4 Kg7 49. Kg5 Kf8 50. f6 Ke8 51. Kg6 Kf8 52. fxe7+ Kxe7 53. Kg7 Ke8 54. e7 Kxe7 55. Kg6 Ke8 56. Kf6 Kd7 57. Kf7 Kd8 58. Ke6 Kc7 59. Ke7 Kc8 60. Kxd6 Kd8 61. Ke6 Ke8 62. d6 Kd8 63. d7 Kc7 64. Ke7 Kb8 65. d8=Q+ Ka7 66. Qd6 Ka8 67. Kd7 Ka7 68. Kc8 Ka8 69. Qb8# 1-0


[Site "https://www.chess.com"]

[Event "Titled Tuesday Blitz June 28 Late 2022"]
[White "Diaz, Fernando"]
[Black "Oye-Stromberg, Alexander"]
[WhiteFideId "3701255"]
[BlackFideId "1525999"]
[WhiteElo "1934"]
[BlackElo "1958"]
[Result "1/2-1/2"]
[Round "04"]
[TimeControl "180+1"]
[Date "2022.06.29"]
[WhiteClock "0:00:08"]
[BlackClock "0:00:13"]

1. e4 e5 2. Nf3 Nc6 3. Bc4 Nf6 4. Ng5 d5 5. exd5 Na5 6. Bb5+ c6 7. dxc6 bxc6 8. Be2 h6 9. Nf3 e4 10. Ne5 Bd6 11. d4 O-O 12. O-O c5 13. c3 Bb7 14. Na3 Qc7 15. f4 exf3 16. Bxf3 cxd4 17. cxd4 Bxe5 18. dxe5 Qxe5 19. Bxb7 Nxb7 20. Bf4 Qxb2 21. Nc4 Qb4 22. Ne5 Rad8 23. Qf3 Nc5 24. Nc6 Qb6 25. Nxd8 Qxd8 26. Bxh6 Nfe4 27. Be3 a5 28. Rac1 Qe7 29. Rfe1 Nd3 30. Bf4 Nxe1 31. Rxe1 f5 32. Qb3+ Kh7 33. Qh3+ Kg8 34. Qb3+ Rf7 35. h3 Qc5+ 36. Be3 Qe5 37. Rd1 Qe7 38. Bf4 Kh7 39. Qf3 Qe6 40. Qh5+ Kg8 41. Rd8+ Rf8 42. Rxf8+ Kxf8 43. Qh8+ Kf7 44. Qd8 Qe7 45. Qxa5 Nf6 46. Qxf5 Qe1+ 47. Kh2 Qf2 48. Qe5 Qxa2 49. Bg3 Qc4 50. Qc7+ Qxc7 51. Bxc7 Nh7 52. Bf4 g6 53. Be3 Nf8 54. g4 Ne6 55. Kg3 Ng7 56. Kf3 Ne6 57. Ke4 Ng7 58. Bd4 Ne6 59. Be5 Nf8 60. h4 Ne6 61. Kd5 Nd8 62. Ke4 Ne6 63. Kf3 Nc5 64. Kf4 Ne6+ 65. Ke4 Nc5+ 66. Kd5 Ne6 67. Bg3 Nf8 68. Ke5 Nh7 69. Kf4 Nf6 70. Kg5 Ne4+ 71. Kf4 Nf6 72. Kf3 Nd5 73. Be5 Ne7 74. Kf4 Ng8 75. Kg5 Ne7 76. h5 gxh5 77. gxh5 Kg8 78. Bf6 Nd5 79. Be5 Kh7 80. Bd4 Ne7 81. Be5 Ng8 82. Bd4 Nh6 83. Bc5 Nf7+ 84. Kf6 1/2-1/2


[Site "https://www.chess.com"]

[Event "Titled Tuesday Blitz June 28 Late 2022"]
[White "Domingo Nunez, Ruben"]
[Black "Howell, David W L"]
[WhiteFideId "22245570"]
[BlackFideId "410608"]
[WhiteElo "2376"]
[BlackElo "2559"]
[Result "0-1"]
[Round "04"]
[TimeControl "180+1"]
[Date "2022.06.28"]
[WhiteClock "0:00:10"]
[BlackClock "0:00:09"]

1. c4 Na6 2. Nc3 e5 3. g3 Bb4 4. Nd5 Nf6 5. Nxf6+ Qxf6 6. a3 Bc5 7. e3 Qc6 8. Nf3 e4 9. Ne5 Qe6 10. d4 exd3 11. Nxd3 Qxc4 12. b4 Be7 13. Bb2 O-O 14. Nf4 Qc6 15. Bg2 Qb5 16. Nd5 Re8 17. Qd4 Bf8 18. Nf6+ Kh8 19. Nxe8 c5 20. bxc5 Nxc5 21. Rd1 Ne6 22. Qe5 d5 23. Bxd5 Qxe8 24. O-O f6 25. Qe4 Bd7 26. Bxb7 Rb8 27. Ba1 Rxb7 28. Qxb7 Bc6 29. Qb3 Ng5 30. e4 Qxe4 31. f3 Qe2 32. Qd3 Bxf3 33. Qxe2 Bxe2 34. Rd8 Kg8 35. Re1 Nf3+ 36. Kf2 Nxe1 37. Kxe2 Nc2 38. Bb2 Kf7 39. Rxf8+ Kxf8 40. Kd2 Nxa3 41. Bxa3+ Kf7 42. Kd3 Ke6 43. Ke4 a5 44. g4 a4 45. Kf4 Kd5 46. Bf8 g6 47. Bg7 Ke6 48. h4 a3 49. g5 f5 50. Bf6 Kd5 51. h5 Kc4 52. h6 a2 53. Ba1 Kd3 54. Ke5 Ke3 55. Kf6 f4 56. Kg7 f3 57. Kxh7 f2 58. Kg7 f1=Q 59. h7 Qxa1+ 60. Kg8 Qe5 61. h8=Q Qxh8+ 62. Kxh8 a1=Q+ 63. Kh7 Qb1 64. Kh6 Kf4 0-1


[Site "https://www.chess.com"]

[Event "Titled Tuesday Blitz June 28 Late 2022"]
[White "Donatti, Alvaro"]
[Black "Chen, Max"]
[WhiteFideId "3000303"]
[BlackFideId "2622440"]
[WhiteElo "2138"]
[BlackElo "2401"]
[Result "0-1"]
[Round "04"]
[TimeControl "180+1"]
[Date "2022.06.29"]
[WhiteClock "0:00:01"]
[BlackClock "0:00:14"]

1. e4 c5 2. Nf3 d6 3. d4 cxd4 4. Nxd4 Nf6 5. Nc3 a6 6. Be3 e5 7. Nb3 Be6 8. Be2 Be7 9. O-O O-O 10. f4 exf4 11. Bxf4 Nc6 12. Nd5 Bxd5 13. exd5 Ne5 14. Kh1 Ng6 15. Bg3 Ne4 16. Be1 Bf6 17. Nd4 Qb6 18. Nf5 Qxb2 19. Rb1 Qe5 20. Rxb7 Nf4 21. Bd3 Nc5 22. Bg3 Ncxd3 23. cxd3 Qxf5 24. Rxf4 Qxd5 25. Rb1 Rab8 26. Rxb8 Rxb8 27. Re4 Be5 28. Qe1 f6 29. d4 Qxa2 30. dxe5 Rb1 31. exd6 Rxe1+ 32. Rxe1 Qd5 0-1


[Site "https://www.chess.com"]

[Event "Titled Tuesday Blitz June 28 Late 2022"]
[White "Dubov, Daniil"]
[Black "Sarkar, Justin"]
[WhiteFideId "24126055"]
[BlackFideId "2010011"]
[WhiteElo "2791"]
[BlackElo "2020"]
[Result "1-0"]
[Round "04"]
[TimeControl "180+1"]
[Date "2022.06.29"]
[WhiteClock "0:02:23"]
[BlackClock "0:00:03"]

1. e4 e5 2. Nc3 Nf6 3. Nf3 Nc6 4. g3 d5 5. exd5 Nxd5 6. Bg2 Nxc3 7. bxc3 Bc5 8. O-O O-O 9. d3 Bg4 10. h3 Bh5 11. g4 Bg6 12. Ng5 Bb6 13. Rb1 Qd7 14. Ne4 Ne7 15. c4 c6 16. Be3 f5 17. Nc5 Bxc5 18. Bxc5 Rac8 19. Re1 b6 20. Ba3 fxg4 21. Qxg4 Bf5 22. Qg5 Rf7 23. Rxe5 c5 24. Rbe1 Nc6 25. Rd5 1-0


[Site "https://www.chess.com"]

[Event "Titled Tuesday Blitz June 28 Late 2022"]
[White "Fajdetic, Hrvoje"]
[Black "Gatterer, Florian"]
[WhiteFideId "14501945"]
[BlackFideId "811688"]
[WhiteElo "2172"]
[BlackElo "2218"]
[Result "0-1"]
[Round "04"]
[TimeControl "180+1"]
[Date "2022.06.29"]
[WhiteClock "0:00:02"]
[BlackClock "0:00:14"]

1. b3 d5 2. Bb2 Bf5 3. d3 e6 4. Nd2 Nf6 5. g3 Be7 6. Bg2 O-O 7. e4 Bg4 8. Ne2 dxe4 9. dxe4 Bb4 10. c3 Be7 11. f3 Bh5 12. O-O Qd3 13. Nf4 Qe3+ 14. Kh1 Rd8 15. Nc4 Qc5 16. Ba3 Rxd1 17. Raxd1 Qg5 18. Bxe7 Nc6 19. Ba3 Bg6 20. Bc1 Qb5 21. Ne3 Qc5 22. Ne2 a5 23. h4 h5 24. Kh2 Rd8 25. Rxd8+ Nxd8 26. Nd4 Nc6 27. Nxc6 bxc6 28. c4 a4 29. Nc2 axb3 30. axb3 Qb6 31. b4 Qa6 32. Ne3 Qa2 33. Rd1 Qe2 34. Rd8+ Kh7 35. b5 cxb5 36. cxb5 Qxb5 37. Bf1 Qb1 38. Bd2 Qa2 39. Kg1 Ne8 40. Bc4 Qb1+ 41. Kf2 Nd6 42. Bd3 Qb2 43. Ke2 Nb5 44. Bxb5 Qxb5+ 45. Kf2 c5 46. g4 hxg4 47. Nxg4 Bh5 48. Ne3 f5 49. exf5 exf5 50. Nxf5 Qb2 51. Ke3 Bg6 52. Ng3 c4 53. Ne4 Bxe4 54. fxe4 c3 0-1


[Site "https://www.chess.com"]

[Event "Titled Tuesday Blitz June 28 Late 2022"]
[White "Garagulya, Konstantin"]
[Black "Riehle, Marco"]
[WhiteFideId "4128931"]
[BlackFideId "12904392"]
[WhiteElo "2329"]
[BlackElo "2462"]
[Result "0-1"]
[Round "04"]
[TimeControl "180+1"]
[Date "2022.06.28"]
[WhiteClock "0:00:04"]
[BlackClock "0:00:16"]

1. d4 d5 2. Nf3 Nf6 3. c4 e6 4. Bg5 Be7 5. Nbd2 O-O 6. e3 b6 7. cxd5 exd5 8. Rc1 c5 9. dxc5 bxc5 10. Bxf6 Bxf6 11. Rxc5 Bxb2 12. Qb3 Bf6 13. Qxd5 Qxd5 14. Rxd5 Be6 15. Ra5 Rc8 16. Be2 Rc1+ 17. Bd1 Nc6 18. Ra4 Rd8 19. O-O Bf5 20. Bb3 Rxf1+ 21. Nxf1 a5 22. Rc4 Nb4 23. Rc5 Bd3 24. Rxa5 h5 25. Ra7 Bg6 26. h4 Nd3 27. Ng5 Bxg5 28. hxg5 Nc1 29. Ng3 h4 30. Nf1 Nxb3 31. axb3 Rd1 32. Ra4 Bd3 33. Rf4 Rxf1+ 34. Kh2 Rb1 35. b4 Rb2 36. Kh3 Bf1 37. Kh2 g6 38. Kg1 Rb1 39. Rxh4 Bc4+ 40. Kh2 Rxb4 41. Rd4 Kf8 42. g4 Ke7 43. Kg3 Ke6 44. f4 Ra4 45. e4 Ra3+ 46. Kf2 Bb5 47. Rb4 Bc6 48. Rb6 Kd7 49. Rb4 Kd6 50. e5+ Kc5 51. Rb1 Rf3+ 52. Ke2 Rxf4 53. Rc1+ Kd5 54. e6 fxe6 55. Rd1+ Rd4 0-1


[Site "https://www.chess.com"]

[Event "Titled Tuesday Blitz June 28 Late 2022"]
[White "Gardezi, Arsal"]
[Black "Carrasco Miranda, Andres"]
[WhiteFideId "30949521"]
[BlackFideId "3405990"]
[WhiteElo "1781"]
[BlackElo "2177"]
[Result "1-0"]
[Round "04"]
[TimeControl "180+1"]
[Date "2022.06.29"]
[WhiteClock "0:00:44"]
[BlackClock "0:00:05"]

1. e4 c5 2. Nf3 d6 3. d4 cxd4 4. Nxd4 Nf6 5. Nc3 a6 6. f3 e5 7. Nb3 Be6 8. Be3 h5 9. Nd5 Bxd5 10. exd5 Nbd7 11. c4 Rc8 12. Qd2 g6 13. Rc1 Bg7 14. Na5 Qc7 15. Be2 O-O 16. O-O e4 17. f4 Ng4 18. Bxg4 hxg4 19. b4 f5 20. c5 dxc5 21. d6 Qb8 22. bxc5 b6 23. Nc6 Rxc6 24. Qd5+ Kh7 25. Qxc6 Nxc5 26. Bxc5 bxc5 27. Rb1 Bd4+ 28. Kh1 Qd8 29. Rb7+ Kh6 30. d7 e3 31. Qe6 Qh4 32. Rb6 Rf6 33. d8=Q c4 34. Qh8# 1-0


[Site "https://www.chess.com"]

[Event "Titled Tuesday Blitz June 28 Late 2022"]
[White "Glavina, Pablo"]
[Black "Przybylski, Wojciech"]
[WhiteFideId "100234"]
[BlackFideId "1117599"]
[WhiteElo "2369"]
[BlackElo "2133"]
[Result "0-1"]
[Round "04"]
[TimeControl "180+1"]
[Date "2022.06.29"]
[WhiteClock "0:00:02"]
[BlackClock "0:00:02"]

1. e4 e5 2. Nf3 Nc6 3. Bc4 Nf6 4. d4 exd4 5. e5 d5 6. Bb5 Nd7 7. O-O Be7 8. Bxc6 bxc6 9. Nxd4 Nb8 10. f4 c5 11. Nb3 O-O 12. Be3 d4 13. Qf3 c6 14. Bf2 Qd5 15. N1d2 Bf5 16. c3 dxc3 17. bxc3 Nd7 18. c4 Qxf3 19. Nxf3 Be6 20. Na5 Rac8 21. Rab1 Nb6 22. Nd2 f6 23. Rfe1 Bf5 24. Rb3 fxe5 25. fxe5 Rfd8 26. Nf3 Be6 27. Rc3 Rc7 28. h3 h6 29. Rec1 Rf8 30. Rd3 Rf4 31. Be3 Re4 32. Nd2 Rh4 33. Bf2 Rh5 34. Nf3 Rf5 35. Nb3 Bxc4 36. Rdc3 Bd5 37. Bxc5 Bxf3 38. Rxf3 Rxe5 39. Bf2 Re6 40. Nd4 Rg6 41. Nf5 Bf8 42. Bc5 Rf7 43. Bxf8 Kxf8 44. Rd1 Kg8 0-1


[Site "https://www.chess.com"]